 Dungeon Crawl Stone Soup version 0.24-a0-307-gf989941 (webtiles) character file.

Game seed: 853609413039092385

12740 MisterFreud the Slicer (level 12, 0/77 HPs)
             Began as a Kobold Berserker on May 13, 2019.
             Was a High Priest of Trog.
             Engulfed by a cloud of freezing vapour (8 damage)
             ... in an ice cave.
             The game lasted 00:27:37 (11942 turns).

MisterFreud the Slicer (Kobold Berserker)          Turns: 11942, Time: 00:27:38

Health: 0/77       AC:  5    Str: 18    XL:     12   Next: 24%
Magic:  0/18       EV: 22    Int:  6    God:    Trog [*****.]
Gold:   611        SH:  0    Dex: 16    Spells: 11/11 levels left

rFire    . . .     SeeInvis .   I - +0 rapier
rCold    + . .     Gourm    .   (shield restricted)
rNeg     . . .     Faith    .   G - +0 troll leather armour
rPois    .         Spirit   +   (no helmet)
rElec    +         Reflect  .   v - +0 cloak
rCorr    +         Harm     .   (no gloves)
MR       +++..                  (no boots)
Stlth    ++++......             C - amulet "Haedif" {Spirit *Contam rElec rC+ MR+}
HPRegen  1.62/turn              J - -2 ring of intelligence (curse)
MPRegen  0.16/turn              L - ring of resist corrosion

@: regenerating
A: small, carnivore
a: Berserk, Trog's Hand, Brothers in Arms, Renounce Religion


You were in an ice cave.
You worshipped Trog.
Trog was extremely pleased with you.
You were full.

You visited 2 branches of the dungeon, and saw 14 of its levels.
You also visited: Ice Cave.

You collected 611 gold pieces.

Inventory:

Hand Weapons
 a - a +1 short sword
 l - a +0 hunting sling
 I - a +0 rapier (weapon)
Missiles
 e - 293 stones (quivered)
 g - 17 poisoned darts
 h - 54 bolts
 n - 229 arrows
 o - 39 sling bullets
 x - 13 boomerangs
 z - 3 atropa-tipped darts
 A - 2 boomerangs of dispersal
Armour
 b - a +0 animal skin
 v - a +0 cloak (worn)
 G - a +0 troll leather armour (worn)
Jewellery
 q - an uncursed amulet of regeneration
 C - the amulet "Haedif" (around neck) {Spirit *Contam rElec rC+ MR+}
   (You found it on level 10 of the Dungeon)

   [amulet of guardian spirit]

   It causes incoming damage to be split between your health and magic.
   It protects you from cold.
   It insulates you from electricity.
   It affects your resistance to hostile enchantments.
   It causes magical contamination when unequipped.
 J - a cursed -2 ring of intelligence (left hand)
 K - a cursed -3 ring of intelligence
 L - a ring of resist corrosion (right hand)
Wands
 r - a wand of iceblast (15)
 t - a wand of flame (44)
 B - a wand of random effects (3)
 E - a wand of disintegration (58)
Scrolls
 f - 4 scrolls of blinking
 u - 7 scrolls of remove curse
 w - 2 scrolls of enchant weapon
 y - a scroll of magic mapping
 H - 4 scrolls of identify
Potions
 d - a potion of magic
 i - 2 potions of cancellation
 j - a potion of brilliance
 k - 3 potions of mutation
 m - 4 potions of curing
 p - a potion of might
 s - 2 potions of lignification
 F - a potion of ambrosia
Miscellaneous
 D - a crystal ball of energy
 M - a lamp of fire
Comestibles
 c - 24 rations


   Skills:
 - Level 10.1 Fighting
 - Level 14.0 Short Blades
 - Level 1.5 Armour
 - Level 10.0 Dodging
 - Level 10.2 Stealth
 + Level 8.0 Evocations


You had 11 spell levels left.
You didn't know any spells.
Your spell library was empty.

Dungeon Overview and Level Annotations

Branches:
Dungeon (12/15)            Temple (0/1) D:5            Lair (2/6) D:10
  Swamp: Lair:2-4    Shoals: Lair:2-4     Snake: Lair:2-4    Spider: Lair:2-4
    Orc: D:9-12

Altars:
Elyvilon
Hepliaklqana
Nemelex Xobeh
Qazlal
Ru
Xom
Yredelemnul
Zin
The Shining One


Innate Abilities, Weirdness & Mutations

You are small and have problems with some larger weapons.
You are carnivorous and can eat meat at any time.


Message History

You start resting.
You are engulfed in freezing vapours.
You resist.
You're standing in a cloud of freezing vapour!
Your skin crawls.
You feel resistant to hostile enchantments.
You feel quite a bit less full.
You are engulfed in freezing vapours.
You resist.
You are engulfed in freezing vapours.
You resist.
You are engulfed in freezing vapours.
You resist.
You are engulfed in freezing vapours.
You resist.
You are engulfed in freezing vapours.
You resist.
* * * LOW HITPOINT WARNING * * *
You are engulfed in freezing vapours.
You resist.
* * * LOW HITPOINT WARNING * * *
You enter the shallow water.
Moving in this stuff is going to be slow.
You are engulfed in freezing vapours.
You resist.
* * * LOW HITPOINT WARNING * * *
You are engulfed in freezing vapours.
You resist.
You die...

#.########
##.##.##☼##
#...○.##§##
##...§..#☼#
####.§#○°#
##°##.#
####§# #○##
#@# #..#
#..## #..
###


There were no monsters in sight!

Vanquished Creatures
  2 hydras (Lair:1)
  A two-headed ogre (D:10)
  Nergalle (D:10)
  An ugly thing (D:11)
  A gargoyle (D:11)
  2 centaur skeletons
  A spiny frog (Lair:1)
  2 rime drakes (Lair:2)
  A komodo dragon (Lair:2)
  A queen bee (D:9)
  A polar bear (IceCv)
  Prince Ribbit (D:5)
  2 hippogriffs
  7 yaks
  A porcupine (Lair:1)
  2 sky beasts
  4 ice beasts
  3 orc warriors
  3 black bears
  3 phantoms
  2 ogres
  6 centaurs
  3 wolves (IceCv)
  Blork the orc (D:5)
  6 bullfrogs
  A wyvern zombie (D:10)
  A wyvern skeleton (D:11)
  6 scorpions
  26 killer bees
  2 wights (D:11)
  3 howler monkeys
  A bullfrog zombie (D:11)
  A crimson imp (D:12)
  2 jellies
  6 hounds
  Crazy Yiuf (D:4)
  A gnoll shaman (D:7)
  2 orc priests
  Ijyb (D:5)
  A bullfrog skeleton (D:6)
  3 orc wizards
  3 iguanas
  10 worker ants
  A hound skeleton (D:4)
  A worker ant zombie (D:6)
  3 gnolls (D:7)
  8 adders
  3 shadow imps
  An ooze (D:6)
  4 worms
  An adder skeleton (D:9)
  3 dart slugs
  7 leopard geckos
  19 orcs
  3 ball pythons
  9 giant cockroaches
  5 goblins
  11 hobgoblins
  16 jackals
  4 quokkas
  8 bats
  5 frilled lizards
  A giant cockroach zombie (D:6)
  10 kobolds
  A leopard gecko zombie (D:7)
  2 quokka skeletons
  10 rats
265 creatures vanquished.

Vanquished Creatures (collateral kills)
  A troll (D:9)
  2 yaks (D:9)
  6 killer bees (D:9)
9 creatures vanquished.

Vanquished Creatures (others)
  A centaur (D:11)
  A plant (D:10)
2 creatures vanquished.

Grand Total: 276 creatures vanquished

Notes
Turn   | Place    | Note
-------+----------+-------------------------------------------
     0 | D:1      | MisterFreud the Kobold Berserker began the quest for the
                  | Orb.
     0 | D:1      | Reached XP level 1. HP: 14/14 MP: 1/1
   445 | D:1      | Reached skill level 1 in Stealth
   539 | D:1      | Reached XP level 2. HP: 14/19 MP: 2/2
  1107 | D:1      | Reached XP level 3. HP: 23/23 MP: 3/3
  1592 | D:2      | Reached skill level 5 in Short Blades
  1593 | D:2      | Reached ** piety under Trog
  1712 | D:2      | Reached XP level 4. HP: 12/28 MP: 4/4
  1942 | D:2      | Found a faded altar of an unknown god.
  2271 | D:2      | Found a shimmering altar of Xom.
  2272 | D:2      | Found a hazy altar of Hepliaklqana.
  2272 | D:2      | Noticed a boggart
  2273 | D:2      | Noticed a boggart
  2273 | D:2      | Noticed a spectral ugly thing
  2630 | D:3      | Reached XP level 5. HP: 21/32 MP: 5/5
  2856 | D:3      | Noticed a bullfrog
  2864 | D:3      | Killed a bullfrog
  2864 | D:3      | Reached skill level 6 in Short Blades
  2864 | D:3      | Reached skill level 5 in Stealth
  2866 | D:3      | Reached *** piety under Trog
  3014 | D:3      | Reached XP level 6. HP: 29/37 MP: 6/6
  4199 | D:4      | Found a runed translucent door.
  4200 | D:4      | Noticed Crazy Yiuf
  4210 | D:4      | Killed Crazy Yiuf
  4333 | D:4      | Reached XP level 7. HP: 41/41 MP: 7/7
  4848 | D:5      | Entered Level 5 of the Dungeon
  4866 | D:5      | Reached skill level 7 in Short Blades
  4977 | D:5      | Noticed Ijyb
  4983 | D:5      | Killed Ijyb
  4984 | D:5      | Found a stormy altar of Qazlal.
  4986 | D:5      | Noticed Prince Ribbit
  5121 | D:5      | Noticed Blork the orc
  5131 | D:5      | Killed Blork the orc
  5491 | D:5      | Killed Prince Ribbit
  5491 | D:5      | Reached skill level 8 in Short Blades
  5491 | D:5      | Reached XP level 8. HP: 39/46 MP: 8/8
  5599 | D:5      | Found a staircase to the Ecumenical Temple.
  5820 | D:6      | Reached skill level 9 in Short Blades
  6278 | D:6      | Reached skill level 10 in Stealth
  6283 | D:6      | Found a sacrificial altar of Ru.
  6323 | D:6      | Found a sparkling altar of Nemelex Xobeh.
  6494 | D:6      | Reached skill level 10 in Short Blades
  6613 | D:7      | Reached XP level 9. HP: 47/51 MP: 9/9
  6712 | D:7      | Noticed a hippogriff
  6725 | D:7      | Reached **** piety under Trog
  6728 | D:7      | Reached skill level 5 in Dodging
  6747 | D:7      | HP: 2/51 [hippogriff (3)]
  6750 | D:7      | Killed a hippogriff
  6753 | D:7      | Found a white marble altar of Elyvilon.
  6955 | D:7      | Found a glowing silver altar of Zin.
  6955 | D:7      | Found a glowing golden altar of the Shining One.
  6966 | D:7      | Found a basalt altar of Yredelemnul.
  7957 | D:8      | Found a shimmering altar of Xom.
  7998 | D:8      | Reached XP level 10. HP: 56/56 MP: 10/10
  8029 | D:8      | Reached skill level 10 in Dodging
  8031 | D:8      | Reached ***** piety under Trog
  8852 | D:9      | Reached skill level 5 in Fighting
  9122 | D:9      | Reached skill level 5 in Evocations
  9294 | D:9      | Reached skill level 11 in Short Blades
  9526 | D:10     | Entered Level 10 of the Dungeon
  9601 | D:10     | Reached XP level 11. HP: 64/64 MP: 15/15
  9605 | D:10     | Reached skill level 12 in Short Blades
  9620 | D:10     | Noticed a two-headed ogre
  9726 | D:10     | Noticed Nergalle
  9730 | D:10     | Killed Nergalle
  9798 | D:10     | Reached skill level 13 in Short Blades
  9808 | D:10     | Got a coiled brass amulet
  9849 | D:10     | Identified the amulet "Haedif" {Spirit *Contam rElec rC+
                  | MR+} (You found it on level 10 of the Dungeon)
  9945 | D:10     | You fall through a shaft for 2 floors!
 10232 | D:11     | Noticed a red ugly thing
 10235 | D:11     | Reached skill level 14 in Short Blades
 10258 | D:11     | Killed a red ugly thing
 10321 | D:10     | Killed a two-headed ogre
 10377 | D:10     | Found a staircase to the Lair.
 10700 | D:10     | Got a faintly humming plate armour
 10701 | D:10     | Identified the cursed +0 plate armour of Greed {rN+ Str+2
                  | Dex+2} (You found it on level 10 of the Dungeon)
 10889 | Lair:1   | Entered Level 1 of the Lair of Beasts
 10994 | Lair:1   | Noticed a seven-headed hydra
 11013 | Lair:1   | Killed a seven-headed hydra
 11500 | Lair:1   | Noticed a seven-headed hydra
 11505 | Lair:1   | Killed a seven-headed hydra
 11505 | Lair:1   | Reached skill level 10 in Fighting
 11505 | Lair:1   | Reached XP level 12. HP: 77/77 MP: 16/16
 11749 | Lair:2   | Found a frozen archway.
 11820 | IceCv    | Entered an ice cave
 11942 | IceCv    | Engulfed by a cloud of freezing vapour

Levels and vault maps discovered:
D:1:      lightli_arrival_windingriver, layout_loops_ring,
          minmay_shallow_snake_nest
D:2:      layout_basic, regret_index_temple_of_mockery,
          chequers_ecumenical_altar_simple_redux
D:3:      kb_forest_paths, layout_basic
D:4:      layout_layer_cave, kennysheep_generic_room_2, uniq_crazy_yiuf_cottage
D:5:      layout_basic, old_standard_altar, minmay_temple_entry_nine_rooms,
          first_ration, uniq_prince_ribbit1, uniq_ijyb, uniq_blork_the_orc
D:6:      layout_loops_corners, nicolae_overflow_crystal_walls,
          nemelex_xobeh_ov_fountains_minmay, minmay_misc_feat_five
D:7:      minmay_spotlight, layout_loops_ring, grunt_temple_overflow_cloverleaf
D:8:      layout_loops_corners, basic_altar
D:9:      layout_roguey [special_room_bee]
D:10:     layout_long_grid, dpeg_oklobed_lair, serial_glass, glass_columns_c,
          glass_columns_a, uniq_nergalle
D:11:     layout_loops_ring, hangedman_pestilent_swarm, nrook_mini_backslash,
          uniq_erica
D:12:     minmay_the_grid_plus [minmay_the_grid_armoury,
          minmay_the_grid_holed_spiral, minmay_the_grid_square_x,
          minmay_the_grid_rooms, minmay_the_grid_prize_four_corners_diamond_b],
          layout_layer_cave
Lair:1:   layout_cave_pods, lemuel_fruit_fields
Lair:2:   layout_layer_cave, portal_ice_cave_rime, beast_lair_carwin_5,
          serial_bayou_shore_a
IceCv:    ice_cave_caverns_03

Skill      XL: |  1  2  3  4  5  6  7  8  9 10 11 12 |
---------------+-------------------------------------+-----
Stealth        | 1 2 3 4 5 7 8 10 | 10.2
Short Blades   | 5 6 8 10 11 14 | 14.0
Dodging        | 3 9 10 | 10.0
Fighting       | 6 10 | 10.1
Evocations     | 6 8 |  8.0
Armour         | |  1.5

Action                   |  1- 3 |  4- 6 |  7- 9 | 10-12 || total
-------------------------+-------+-------+-------+-------++-------
Melee: Short sword       |   111 |   199 |   316 |   194 ||   820
       Rapier            |       |       |       |   287 ||   287
Invok: Berserk           |     4 |     7 |    13 |    18 ||    42
       Brothers in Arms  |       |       |       |     3 ||     3
       Trog's Hand       |       |       |       |     4 ||     4
Evoke: Wand              |       |       |     1 |    12 ||    13
  Use: Scroll            |     6 |    10 |     6 |     7 ||    29
       Potion            |       |       |     2 |       ||     2
 Stab: Sleeping          |     2 |    12 |    14 |    19 ||    47
       Distracted        |       |     1 |     3 |     1 ||     5
       Invisible         |       |       |     1 |       ||     1
       Paralysed         |       |       |       |     1 ||     1
  Eat: Chunk             |    13 |    16 |    24 |    29 ||    82
Armor: Animal skin       |    10 |    17 |    26 |     1 ||    54
       Troll leather arm |       |       |       |    25 ||    25
Dodge: Dodged            |    74 |   139 |   192 |   327 ||   732

Table legend:
 A = Non-vault XP
 B = Vault XP
 C = Vault XP percentage of total XP
 D = Non-vault monster count
 E = Vault monster count
 F = Vault count percentage of total count
                 A         B        C        D         E       F
            +---------+---------+-------+---------+---------+-------
      Total |   13591 |    4609 |  25.3 |     222 |      53 |  19.3
            +---------+---------+-------+---------+---------+-------
        D:1 |      39 |       2 |   4.9 |      23 |       1 |   4.2
        D:2 |      93 |       0 |   0.0 |      31 |       0 |   0.0
        D:3 |     148 |       9 |   5.7 |      20 |       6 |  23.1
        D:4 |     136 |      97 |  41.6 |      16 |       3 |  15.8
        D:5 |     189 |     404 |  68.1 |       6 |       3 |  33.3
        D:6 |     805 |       0 |   0.0 |      13 |       0 |   0.0
        D:7 |    1558 |     154 |   9.0 |      31 |       5 |  13.9
        D:8 |     717 |       0 |   0.0 |      14 |       0 |   0.0
        D:9 |    1620 |    1529 |  48.6 |      20 |      26 |  56.5
       D:10 |    3180 |     796 |  20.0 |      22 |       1 |   4.3
       D:11 |    1924 |      33 |   1.7 |      11 |       1 |   8.3
       D:12 |     140 |       0 |   0.0 |       7 |       0 |   0.0
     Lair:1 |    2670 |       0 |   0.0 |       7 |       0 |   0.0
     Lair:2 |     372 |     775 |  67.6 |       1 |       2 |  66.7
      IceCv |       0 |     810 | 100.0 |       0 |       5 | 100.0
            +---------+---------+-------+---------+---------+-------
